NCAA
NORTH CAROLINA TAR HEELS @ CREIGHTON BLUE JAYS
05/14/2028
 
TOP OF THE 1ST
North Carolina Tar Heels batting - Pitching for Creighton Blue Jays : RHP Sam Faulkner
Pitching: RHP Sam Faulkner
Batting: LHB Chris Hutchison 0-0: Ball
1-0: Ball
2-0: Ball
3-0: Called Strike
3-1: Foul Ball, location: 2F
3-2: Foul Ball, location: 2F
3-2: SINGLE (Line Drive, 56D)
Batting: LHB Marvin Jones 0-0: Ball
1-0: Ball
2-0: Called Strike
2-1: Foul Ball, location: 2F
2-2: Ball
Pickoff Throw to First - Out!
3-2: Strikes out looking
Batting: RHB Marvin Montgomery 0-0: Called Strike
0-1: Ball
1-1: Called Strike
1-2: SINGLE (Groundball, 6MD)
Batting: LHB Joe Spears 0-0: Foul Ball, location: 2F
0-1: Ball
1-1: Called Strike
1-2: Foul Ball, location: 2F
1-2: Foul Ball, location: 2F
1-2: Fly out, F8 (Flyball, 8LM)
Top of the 1st over - 0 run(s), 2 hit(s), 0 error(s), 1 left on base; North Carolina 0 - Creighton 0
BOTTOM OF THE 1ST
Creighton Blue Jays batting - Pitching for North Carolina Tar Heels : LHP Anderson Jackson
Pitching: LHP Anderson Jackson
Batting: LHB Marcos Torres 0-0: Ball
1-0: Foul Ball, location: 2F
1-1: Ball
2-1: Foul Ball, location: 2F
2-2: Foul Ball, location: 2F
2-2: Ball
3-2: Fly out, F7 (Flyball, 7S)
Batting: RHB Jaime Aguirre 0-0: Ball
1-0: Called Strike
1-1: Reached on error, E6 (Groundball, 6)
Batting: LHB Brady Phillips 0-0: Ball
Jaime Aguirre is caught stealing 2nd base
1-0: Fly out, F7 (Flyball, 7)
Bottom of the 1st over - 0 run(s), 0 hit(s), 1 error(s), 0 left on base; North Carolina 0 - Creighton 0
TOP OF THE 2ND
North Carolina Tar Heels batting - Pitching for Creighton Blue Jays : RHP Sam Faulkner
Batting: RHB Stan Crosby 0-0: Called Strike
0-1: Ball
1-1: Called Strike
1-2: Foul Ball, location: 2F
1-2: Ball
2-2: Strikes out swinging, 2-3 out at first.
Batting: RHB Jesús Nieves 0-0: Ball
1-0: Ground out 6-3 (Groundball, 6)
Batting: SHB Jason Smith 0-0: SINGLE (Groundball, 34D)
Batting: RHB Jeff Navarro 0-0: Ball
1-0: Called Strike
1-1: Fly out, F3 (Popup, 3L)
Top of the 2nd over - 0 run(s), 1 hit(s), 0 error(s), 1 left on base; North Carolina 0 - Creighton 0
BOTTOM OF THE 2ND
Creighton Blue Jays batting - Pitching for North Carolina Tar Heels : LHP Anderson Jackson
Batting: RHB Matt Cole 0-0: Ball
1-0: Ball
2-0: Called Strike
2-1: Foul Ball, location: 2F
2-2: Strikes out swinging
Batting: LHB Pedro Oropesa 0-0: Ball
1-0: Called Strike
1-1: Fly out, F8 (Line Drive, 8LD)
Batting: RHB Gabriel Santana 0-0: Ball
1-0: Called Strike
1-1: Ball
2-1: Fly out, F7 (Flyball, 7)
Bottom of the 2nd over - 0 run(s), 0 hit(s), 0 error(s), 0 left on base; North Carolina 0 - Creighton 0
TOP OF THE 3RD
North Carolina Tar Heels batting - Pitching for Creighton Blue Jays : RHP Sam Faulkner
Batting: RHB Scotty Sherman 0-0: Ball
1-0: Ball
2-0: Ball
3-0: Called Strike
3-1: Foul Ball, location: 2F
3-2: SINGLE (Flyball, 6MD)
Batting: LHB Chris Hutchison 0-0: Ball
1-0: Ball
2-0: Ball
3-0: Base on Balls
Scotty Sherman to second
Batting: LHB Marvin Jones 0-0: Ball
1-0: Swinging Strike
1-1: Ball
2-1: DOUBLE (Line Drive, 78D)
Scotty Sherman scores
Chris Hutchison to third
Batting: RHB Marvin Montgomery 0-0: Called Strike
0-1: Ball
1-1: Ball
2-1: Called Strike
2-2: Ball
3-2: Base on Balls
Batting: LHB Joe Spears 0-0: Fly out, F6 (Flyball, 56D)
Batting: RHB Stan Crosby 0-0: Ball
1-0: Foul Ball, location: 2F
1-1: Ground out 5-3 (Groundball, 56S)
Chris Hutchison scores
Marvin Jones to third
Marvin Montgomery to second
Batting: RHB Jesús Nieves 0-0: Ball
1-0: Ball
2-0: DOUBLE (Groundball, 5L)
Marvin Jones scores
Marvin Montgomery scores
Batting: SHB Jason Smith 0-0: Called Strike
0-1: Ball
1-1: Swinging Strike
1-2: Strikes out swinging
Top of the 3rd over - 4 run(s), 3 hit(s), 0 error(s), 1 left on base; North Carolina 4 - Creighton 0
BOTTOM OF THE 3RD
Creighton Blue Jays batting - Pitching for North Carolina Tar Heels : LHP Anderson Jackson
Batting: LHB Steve Edwards 0-0: Foul Ball, location: 2F
0-1: Foul Ball, location: 2F
0-2: Ball
1-2: Strikes out swinging
Batting: LHB Raúl Hernández 0-0: Ball
1-0: Ball
2-0: Called Strike
2-1: Ball
3-1: Ground out 6-3 (Groundball, 6)
Batting: RHB Michael Carr 0-0: Called Strike
0-1: Ball
1-1: Ball
2-1: Swinging Strike
2-2: Foul Ball, location: 2F
2-2: Ball
3-2: Strikes out swinging
Bottom of the 3rd over - 0 run(s), 0 hit(s), 0 error(s), 0 left on base; North Carolina 4 - Creighton 0
TOP OF THE 4TH
North Carolina Tar Heels batting - Pitching for Creighton Blue Jays : RHP Sam Faulkner
Batting: RHB Jeff Navarro 0-0: Called Strike
0-1: Called Strike
0-2: Foul Ball, location: 2F
0-2: Fly out, F9 (Flyball, 89M)
Batting: RHB Scotty Sherman 0-0: Ball
1-0: Ground out 6-3 (Groundball, 6)
Batting: LHB Chris Hutchison 0-0: Called Strike
0-1: Ball
1-1: SINGLE (Flyball, 78S)
Batting: LHB Marvin Jones 0-0: Swinging Strike
0-1: Ball
1-1: Ball
2-1: Ball
3-1: Fly out, F7 (Flyball, 7LM)
Top of the 4th over - 0 run(s), 1 hit(s), 0 error(s), 1 left on base; North Carolina 4 - Creighton 0
BOTTOM OF THE 4TH
Creighton Blue Jays batting - Pitching for North Carolina Tar Heels : LHP Anderson Jackson
Batting: LHB Marcos Torres 0-0: Called Strike
0-1: Called Strike
0-2: Ball
1-2: Strikes out swinging
Batting: RHB Jaime Aguirre 0-0: Called Strike
0-1: Ball
1-1: Called Strike
1-2: Foul Ball, location: 2F
1-2: Strikes out swinging
Batting: LHB Brady Phillips 0-0: Called Strike
0-1: Swinging Strike
0-2: Strikes out looking
Bottom of the 4th over - 0 run(s), 0 hit(s), 0 error(s), 0 left on base; North Carolina 4 - Creighton 0
TOP OF THE 5TH
North Carolina Tar Heels batting - Pitching for Creighton Blue Jays : RHP Sam Faulkner
Pitching: RHP Bob Roy
Batting: RHB Marvin Montgomery 0-0: Ball
1-0: Ball
2-0: Ball
3-0: Base on Balls
Batting: LHB Joe Spears 0-0: Ball
1-0: Ball
2-0: SINGLE (Line Drive, 6D)
Marvin Montgomery to second
Batting: RHB Stan Crosby 0-0: Ball
1-0: Foul Ball, location: 2F
1-1: Swinging Strike
1-2: Strikes out looking
Batting: RHB Jesús Nieves 0-0: Ball
1-0: Fly out, F9 (Flyball, 9)
Batting: SHB Jason Smith 0-0: Ball
1-0: 3-RUN HOME RUN (Flyball, 9LD), Distance : 340 ft
Batting: RHB Jeff Navarro 0-0: Ball
1-0: Ball
2-0: Ground out 5-3 (Groundball, 56)
Top of the 5th over - 3 run(s), 2 hit(s), 0 error(s), 0 left on base; North Carolina 7 - Creighton 0
BOTTOM OF THE 5TH
Creighton Blue Jays batting - Pitching for North Carolina Tar Heels : LHP Anderson Jackson
Batting: RHB Matt Cole 0-0: SINGLE (Groundball, 6D)
Batting: LHB Pedro Oropesa 0-0: Called Strike
0-1: Foul Ball, location: 2F
0-2: Strikes out looking
Batting: RHB Gabriel Santana 0-0: Ball
1-0: Fly out, F8 (Flyball, 8RM)
Batting: LHB Steve Edwards 0-0: SINGLE (Groundball, 4D)
Matt Cole to second
Batting: LHB Raúl Hernández 0-0: Ball
1-0: Foul Ball, location: 2F
1-1: Fly out, F7 (Flyball, 7)
Bottom of the 5th over - 0 run(s), 2 hit(s), 0 error(s), 2 left on base; North Carolina 7 - Creighton 0
TOP OF THE 6TH
North Carolina Tar Heels batting - Pitching for Creighton Blue Jays : RHP Bob Roy
Batting: RHB Scotty Sherman 0-0: Swinging Strike
0-1: Ball
1-1: Ball
2-1: Swinging Strike
2-2: Ball
3-2: Strikes out looking
Batting: LHB Chris Hutchison 0-0: Called Strike
0-1: Called Strike
0-2: Ball
1-2: Fly out, F9 (Flyball, 9S)
Batting: LHB Marvin Jones 0-0: Swinging Strike
0-1: Ball
1-1: Swinging Strike
1-2: Strikes out swinging
Top of the 6th over - 0 run(s), 0 hit(s), 0 error(s), 0 left on base; North Carolina 7 - Creighton 0
BOTTOM OF THE 6TH
Creighton Blue Jays batting - Pitching for North Carolina Tar Heels : LHP Anderson Jackson
Batting: RHB Michael Carr 0-0: Foul Ball, location: 2F
0-1: Ground out 3-1 (Groundball, 34S)
Batting: LHB Marcos Torres 0-0: Ball
1-0: Ball
2-0: Ball
3-0: Called Strike
3-1: Base on Balls
Batting: RHB Jaime Aguirre 0-0: Ball
1-0: Called Strike
1-1: Grounds into double play, 6-4-3 (Groundball, 6)
Bottom of the 6th over - 0 run(s), 0 hit(s), 0 error(s), 0 left on base; North Carolina 7 - Creighton 0
TOP OF THE 7TH
North Carolina Tar Heels batting - Pitching for Creighton Blue Jays : RHP Bob Roy
Batting: RHB Marvin Montgomery 0-0: Ball
1-0: Ground out 5-3 (Groundball, 56)
Batting: LHB Joe Spears 0-0: Ball
1-0: Fly out, F9 (Flyball, 9S)
Batting: RHB Stan Crosby 0-0: Reached on error, E5 (Groundball, 56S)
Batting: RHB Jesús Nieves 0-0: Swinging Strike
0-1: Ball
1-1: Called Strike
1-2: Ball
2-2: Strikes out swinging
Top of the 7th over - 0 run(s), 0 hit(s), 1 error(s), 1 left on base; North Carolina 7 - Creighton 0
BOTTOM OF THE 7TH
Creighton Blue Jays batting - Pitching for North Carolina Tar Heels : LHP Anderson Jackson
Batting: LHB Brady Phillips 0-0: Called Strike
0-1: Ball
1-1: Swinging Strike
1-2: Strikes out swinging
Batting: RHB Matt Cole 0-0: Ball
1-0: Reached on error, E5 (Groundball, 5S)
Batting: LHB Pedro Oropesa 0-0: DOUBLE (Line Drive, 89D)
Matt Cole to third
Batting: RHB Gabriel Santana 0-0: Called Strike
0-1: Fly out, F4 (Popup, 34)
Pitching: LHP Gene Johnston
Batting: LHB Steve Edwards 0-0: Ball
1-0: Called Strike
1-1: Called Strike
1-2: Strikes out swinging
Bottom of the 7th over - 0 run(s), 1 hit(s), 1 error(s), 2 left on base; North Carolina 7 - Creighton 0
TOP OF THE 8TH
North Carolina Tar Heels batting - Pitching for Creighton Blue Jays : RHP Bob Roy
Batting: SHB Jason Smith 0-0: Ball
1-0: Ball
2-0: Called Strike
2-1: Foul Ball, location: 2F
2-2: Ball
3-2: Base on Balls
Batting: RHB Jeff Navarro 0-0: Called Strike
0-1: Ball
1-1: Fly out, F9 (Flyball, 89M)
Pitching: LHP John Larson
Batting: RHB Scotty Sherman 0-0: Ball
1-0: Foul Ball, location: 2F
1-1: Ball
2-1: Fly out, F5 (Popup, 56)
Batting: LHB Chris Hutchison 0-0: Swinging Strike
0-1: Called Strike
0-2: Strikes out looking
Top of the 8th over - 0 run(s), 0 hit(s), 0 error(s), 1 left on base; North Carolina 7 - Creighton 0
BOTTOM OF THE 8TH
Creighton Blue Jays batting - Pitching for North Carolina Tar Heels : LHP Gene Johnston
Batting: LHB Raúl Hernández 0-0: Foul Ball, location: 2F
0-1: Foul Ball, location: 2F
0-2: Ball
1-2: Ball
2-2: Strikes out swinging
Batting: RHB Michael Carr 0-0: Ball
1-0: SINGLE (Groundball, 34D)
Batting: LHB Marcos Torres 0-0: Called Strike
0-1: Swinging Strike
0-2: Ball
1-2: Foul Ball, location: 2F
1-2: Foul Ball, location: 2F
1-2: Ball
2-2: Ball
3-2: Foul Ball, location: 2F
3-2: Strikes out swinging
Batting: RHB Jaime Aguirre 0-0: Ball
1-0: Foul Ball, location: 2F
1-1: Ball
2-1: Ground out 6-3 (Groundball, 6S)
Bottom of the 8th over - 0 run(s), 1 hit(s), 0 error(s), 1 left on base; North Carolina 7 - Creighton 0
TOP OF THE 9TH
North Carolina Tar Heels batting - Pitching for Creighton Blue Jays : LHP John Larson
Batting: LHB Marvin Jones 0-0: Ball
1-0: Ball
2-0: Ball
3-0: Called Strike
3-1: DOUBLE (Flyball, 8RD) - OUT at third base trying to stretch hit.
Batting: RHB Marvin Montgomery 0-0: Ball
1-0: Foul Ball, location: 2F
1-1: Foul Ball, location: 2F
1-2: Foul Ball, location: 2F
1-2: Foul Ball, location: 2F
1-2: Ball
2-2: Foul Ball, location: 2F
2-2: SINGLE (Line Drive, 4D)
Batting: LHB Joe Spears 0-0: Ball
Marvin Montgomery steals 2nd base
1-0: Called Strike
1-1: Ball
2-1: Ball
3-1: Called Strike
3-2: Base on Balls
Batting: RHB Stan Crosby 0-0: Ball
1-0: Foul Ball, location: 2F
1-1: Ball
2-1: Foul Ball, location: 2F
2-2: Foul Ball, location: 2F
2-2: Strikes out swinging
Batting: RHB Jesús Nieves 0-0: Ball
1-0: Ball
2-0: Called Strike
2-1: Ball
3-1: Called Strike
3-2: Foul Ball, location: 2F
3-2: Base on Balls
Marvin Montgomery to third
Joe Spears to second
Batting: SHB Jason Smith 0-0: Called Strike
0-1: Swinging Strike
0-2: Ball
1-2: Strikes out swinging
Top of the 9th over - 0 run(s), 2 hit(s), 0 error(s), 3 left on base; North Carolina 7 - Creighton 0
BOTTOM OF THE 9TH
Creighton Blue Jays batting - Pitching for North Carolina Tar Heels : LHP Gene Johnston
Batting: LHB Brady Phillips 0-0: Called Strike
0-1: Foul Ball, location: 2F
0-2: Ball
1-2: Ball
2-2: Strikes out looking
Batting: RHB Matt Cole 0-0: Ground out 6-3 (Groundball, 56)
Batting: LHB Pedro Oropesa 0-0: Called Strike
0-1: Ball
1-1: Called Strike
1-2: SINGLE (Line Drive, 56)
Batting: RHB Gabriel Santana 0-0: Ball
1-0: Fly out, F4 (Popup, 3D)
Bottom of the 9th over - 0 run(s), 1 hit(s), 0 error(s), 1 left on base; North Carolina 7 - Creighton 0
Tuesday, August 8th, 2017 - OOTP Baseball 17.12 Build 75